 Dungeon Crawl Stone Soup version 0.28-a0-206-gc2c9e32840 (webtiles) character file.

Game seed: 3115460638233877409

224 zdrol the Chopper (level 5, -18/47 HPs)
             Began as a Minotaur Monk on Aug 20, 2021.
             Demolished by an ogre (24 damage)
             ... on level 4 of the Dungeon on Aug 21, 2021.
             The game lasted 00:10:36 (2893 turns).

zdrol the Chopper (Minotaur Monk)                   Turns: 2893, Time: 00:10:36

Health: -18/47     AC:  7    Str: 17    XL:     5   Next: 67%
Magic:  4/4        EV: 13    Int:  7    God:
Gold:   144        SH:  0    Dex: 12    Spells: 4/4 levels left

rFire   . . .      SeeInvis .   a - +0 hand axe
rCold   . . .      Faith    .   (no shield)
rNeg    . . .      Spirit   .   b - +1 robe
rPois   .          Reflect  .   (helmet restricted)
rElec   .          Harm     .   (no cloak)
rCorr   .          Rampage  .   (no gloves)
Will    .....                   (no boots)
Stlth   ++........              (no amulet)
HPRegen 0.15/turn               f - +4 ring of protection
MPRegen 0.09/turn               (no ring)

@: no status effects
A: horns 2, retaliatory headbutt
a: no special abilities


You were on level 4 of the Dungeon.
You visited 1 branch of the dungeon, and saw 4 of its levels.
You also visited: Ossuary.

You collected 144 gold pieces.

Inventory:

Hand Weapons
 a - a +0 hand axe (weapon)
Missiles
 j - 16 poisoned darts (quivered)
Armour
 b - a +1 robe (worn)
 c - a +0 buckler
 q - a scarf of shadows
Jewellery
 f - a +4 ring of protection (left hand)
 k - a ring of poison resistance
Scrolls
 d - a scroll of summoning {unknown}
 l - a scroll of teleportation {unknown}
 m - a scroll of amnesia {unknown}
 n - a scroll of vulnerability {unknown}
Potions
 e - a potion of invisibility {unknown}
 g - 2 potions of attraction
 h - 3 potions of curing
 i - 2 potions of resistance {unknown}
 o - a potion of haste {unknown}
 p - a potion of brilliance {unknown}


   Skills:
 + Level 4.5 Fighting
 + Level 5.6 Axes
 + Level 4.5 Dodging
 + Level 2.6 Stealth


You had 4 spell levels left.
You didn't know any spells.
Your spell library was empty.

Dungeon Overview and Level Annotations

Branches:
Dungeon (4/15)            Ossuary (visited)
 Temple: D:4-7

Altars:

Shops:
D:1 [


Innate Abilities, Weirdness & Mutations

You have a pair of horns on your head.
You reflexively headbutt those who attack you in melee.


Message History

You hit the kobold zombie. You headbutt the kobold zombie.
The kobold zombie is almost destroyed.
The kobold zombie hits you but does no damage.
You closely miss the kobold zombie. Your headbutt misses the kobold zombie.
The kobold zombie is almost destroyed.
The kobold zombie closely misses you.
You closely miss the kobold zombie. Your headbutt misses the kobold zombie.
The kobold zombie is almost destroyed.
The kobold zombie hits you but does no damage.
You slash the kobold zombie!
You destroy the kobold zombie!
You hit the mummy.
The mummy is moderately damaged.
You hit the mummy.
The mummy is moderately damaged.
The mummy closely misses you.
You hit the mummy.
The mummy is heavily damaged.
You hit the mummy but do no damage. You hit the mummy.
The mummy is severely damaged.
You hit the mummy. The mummy hits you!
* * * LOW HITPOINT WARNING * * *
The mummy closely misses you.
You hit the mummy. You headbutt the mummy.
You destroy the mummy!
You hit the mummy but do no damage. You hit the mummy.
The mummy is lightly damaged.
The mummy hits you.
* * * LOW HITPOINT WARNING * * *
The mummy barely misses you. You furiously retaliate!
You headbutt the mummy!
There is a gate leading back out of this place here.
Welcome back to the Dungeon!
The ogre closely misses you.
There is a collapsed entrance here.
You hit the ogre but do no damage. The ogre barely misses you.
You closely miss the ogre. Your headbutt misses the ogre.
The ogre hits you with a +0 giant club!!
Ouch! That really hurt!
You die...

#.#.#######
#.#.......## ..
#..........#
....#..........#
...............#
....###........#
#.....#.#........##
....###.###....?...
#..#@OM..#......##
##.###.###.###.##
##...#.#...###+###
#....#O#..........
#.O...............
#.#...............
#.................
###......####.....
#......# .....


You could see an ogre and a mummy.

Vanquished Creatures
  A phantom (D:3)
  3 mummies (Ossuary)
  3 gnolls (D:3)
  2 adders
  An adder skeleton (D:4)
  An orc (D:3)
  6 ball pythons
  8 bats
  4 endoplasms
  A giant cockroach (D:1)
  5 goblins
  4 hobgoblins
  A quokka (D:1)
  3 frilled lizards
  3 gnoll zombies (Ossuary)
  2 hobgoblin zombies (Ossuary)
  6 kobolds
  2 kobold zombies (Ossuary)
  8 rats
64 creatures vanquished.

Vanquished Creatures (others)
  A plant (D:1)
1 creature vanquished.

Grand Total: 65 creatures vanquished

Notes
Turn   | Place    | Note
-------+----------+-------------------------------------------
     0 | D:1      | zdrol the Minotaur Monk began the quest for the Orb.
     0 | D:1      | Reached XP level 1. HP: 19/19 MP: 0/0
   234 | D:1      | Reached XP level 2. HP: 15/27 MP: 1/1
   386 | D:1      | Found Leatila's Antique Armour Shop.
   394 | D:1      | Reached skill level 4 in Axes
   820 | D:2      | Reached XP level 3. HP: 19/33 MP: 2/2
  1827 | D:3      | Found a faded altar of an unknown god.
  1828 | D:3      | Noticed a phantom
  1847 | D:3      | Killed a phantom
  1848 | D:3      | Reached skill level 5 in Axes
  1848 | D:3      | Reached XP level 4. HP: 15/41 MP: 3/3
  2144 | D:3      | Reached XP level 5. HP: 47/47 MP: 4/4
  2814 | D:4      | Noticed an ogre
  2823 | D:4      | Found a sand-covered staircase.
  2828 | Ossuary  | Entered an ossuary
  2893 | D:4      | Demolished by an ogre

Illustrated notes

Levels and vault maps discovered:
D:1:      wander_arrival_estate, layout_basic, serial_shops, nicolae_shop_stone,
          serial_bayou_pond_a
D:2:      layout_basic
D:3:      layout_basic, dreamdust_ecumenical_altar_statues
D:4:      layout_basic, nicolae_ossuary_entry_plus, kennysheep_big_empty_room,
          uniq_natasha, uniq_edmund

Skill      XL: |  1  2  3 |
---------------+----------+-----
Axes           | 4 5 |  5.6
Fighting       | 4 |  4.5
Dodging        | 4 |  4.5
Stealth        | 2 |  2.6

Action                   |  1- 3 |  4- 6 || total
-------------------------+-------+-------++-------
Melee: Hand axe          |    81 |    69 ||   150
       Headbutt          |    14 |    15 ||    29
  Use: Scroll            |     3 |       ||     3
       Potion            |       |     1 ||     1
 Stab: Sleeping          |     2 |     1 ||     3
Armor: Robe              |    28 |    23 ||    51
Dodge: Dodged            |    62 |    43 ||   105
Block: Buckler           |     2 |       ||     2

Table legend: (Time is in decaauts)
 A = Elapsed time spent in this place.
 B = Non-inter-level travel time spent in this place.
 C = Inter-level travel time spent in this place.
 D = Time resting spent in this place.
 E = Time spent auto-exploring this place.
 F = Levels seen in this place.
 G = Mean time per level.
                   A        B        C        D        E       F      G
               +--------+--------+--------+--------+--------+-----+--------+
         Total |   2904 |   2904 |      0 |    408 |   1297 |   5 |  580.8 |
       Dungeon |   2840 |   2840 |      0 |    408 |   1297 |   4 |  710.0 |
       Ossuary |     63 |     63 |      0 |      0 |      0 |   1 |   63.0 |
               +--------+--------+--------+--------+--------+-----+--------+

Top non-repeatable levels by time:
     D:3: 1082 daAuts
     D:1: 1056 daAuts
     D:2: 617 daAuts
     D:4: 83 daAuts
 Ossuary: 63 daAuts
